 Dungeon Crawl Stone Soup version 0.31-a0-217-g58bb5d79cf (webtiles) character file.

Game seed: 13934491513620095403

392 qw the Chopper (level 6, -6/38 HPs)
             Began as a Gargoyle Fighter on July 2, 2023.
             Mangled by an ogre
             ... wielding a +0 giant club
              (22 damage)
             ... on level 4 of the Dungeon.
             The game lasted 00:01:50 (3096 turns).

qw the Chopper (Gargoyle Fighter)                   Turns: 3096, Time: 00:01:50

Health: -6/38      AC: 14    Str: 21    XL:     6   Next: 80%
Magic:  6/6        EV: 12    Int:  9    God:
Gold:   61         SH:  4    Dex:  9    Spells: 5/5 levels left

rFire   . . .        Y - +1 war axe
rCold   . . .        c - +0 buckler
rNeg    + . .        k - +0 chain mail
rPois   inf          (no helmet)
rElec   +            (no cloak)
rCorr   .            i - +0 pair of gloves
SInv    +            (no boots)
Will    .....        (no amulet) Stlth
                     j - +5 ring of evasion
HPRegen 0.26/turn    m - ring of see invisible
MPRegen 0.10/turn

%: no passive effects
@: no status effects
A: sickness immunity, AC +4, negative energy resistance 1, electricity
resistance, torment resistance 1, petrification resistance
a: no special abilities


You were on level 4 of the Dungeon.
You visited 1 branch of the dungeon, and saw 5 of its levels.

You collected 178 gold pieces.
You spent 117 gold pieces at shops.


Innate Abilities, Weirdness & Mutations

You are immune to sickness and miasma.
Your stone body is resilient. (AC +4)
You are immune to poison.
You resist negative energy. (rN+)
You are resistant to electric shocks. (rElec)
You are resistant to unholy torment.
You are immune to petrification.


   Skills:
 - Level 4.0 Fighting
 + Level 5.9 Axes
 - Level 1.0 Throwing
 - Level 3.2 Armour
 - Level 3.2 Shields


You had 5 spell levels left.
You didn't know any spells.
Your spell library was empty.

Inventory:

Hand Weapons
 e - a +0 morningstar
 Y - a +1 war axe (weapon)
Armour
 c - a +0 buckler (worn)
 i - a +0 pair of gloves (worn)
 k - a +0 chain mail (worn)
Jewellery
 j - a +5 ring of evasion (left hand)
 m - a ring of see invisible (right hand)
Scrolls
 g - 2 scrolls of teleportation
 o - a scroll of identify
Potions
 a - a potion of attraction
 b - a potion of lignification
 d - a potion of might
 h - a potion of curing
 l - a potion of enlightenment {unknown}
 n - a potion of degeneration {unknown}

Dungeon Overview and Level Annotations

Branches:
Dungeon (5/15)
 Temple: D:4-7

Altars:
Dithmenos
Hepliaklqana
Makhleb
Qazlal

Shops:
D:1 [   D:3 (((*   D:4 :


Message History

3077 ||| IDENTIFYING metallic emerald potion Done exploring.
3078 ||| READING 2 scrolls of identify.
As you read the scroll of identify, it crumbles to dust.
f - a potion of ambrosia;
3078 ||| IDENTIFYING orange potion Done exploring.
3079 ||| DROPPING potion of ambrosia.
You drop a potion of ambrosia.
Done exploring.
(D) Dungeon
Where to? (* - list waypoints, Enter - D:4, ? - help)
What level of the Dungeon? (default 1, ? - help)
There is a stone staircase leading down here.
You climb downwards.
Found 12 gold pieces and a scroll of fog.
There is a stone staircase leading up here.
An ogre is nearby!
Waypoint 4 assigned to D:5.
You throw a javelin. The javelin pierces through the ogre.
The ogre is lightly wounded.
You throw a javelin. The javelin pierces through the ogre.
The ogre is moderately wounded.
You throw a javelin. The javelin barely misses the ogre.
You hit the ogre.
The ogre is heavily wounded.
The ogre completely misses you.
You barely miss the ogre.
The ogre is heavily wounded.
The ogre hits you with a +0 giant club!!
Ouch! That really hurt!
3093 ||| STAIRDANCE You climb upwards.
There is a stone staircase leading down here.
You barely miss the ogre.
The ogre is heavily wounded.
You block the ogre's attack.
You hit the ogre.
The ogre is severely wounded.
The ogre hits you with a +0 giant club!!
Ouch! That really hurt!
You die...

#############
#...........#
#...........# ##
#...........# #.
#...........# #.
#......!....######.
##.O......¤.......[
#@................
###.###.######..###.
#......¤.# ###.'####
#........# #........
#....)...# #.####.##
#.))[....# #.##.....
#...)..[.# #.#......
#........# #.#......
#....[...###....._..


You could see an ogre.

Vanquished Creatures
  An ogre (D:4)
  A jelly (D:4)
  An orc priest (D:4)
  An iguana (D:4)
  5 adders
  7 gnolls (D:4)
  3 worms
  3 dart slugs
  9 orcs
  5 endoplasms
  5 giant cockroaches (D:1)
  5 goblins
  4 hobgoblins
  3 jackals (D:1)
  4 kobolds
  8 quokkas
  7 ball pythons
  5 bats
  A frilled lizard (D:3)
  11 rats
89 creatures vanquished.

Notes
Turn   | Place    | Note
-------+----------+-------------------------------------------
     0 | D:1      | qw the Gargoyle Fighter began the quest for the Orb.
     0 | D:1      | Reached XP level 1. HP: 14/14 MP: 1/1
     0 | D:1      | 0 ||| qw: Version: 0.3-a-40-ge99b1a8
     0 | D:1      | 0 ||| qw: Game counter: 184
     0 | D:1      | 0 ||| qw: Melee chars always use a shield: true
     0 | D:1      | 0 ||| qw: God list: Okawaru
     0 | D:1      | 0 ||| qw: Allow faded altars: false
     0 | D:1      | 0 ||| qw: Do Orc after clearing Dungeon:15 true
     0 | D:1      | 0 ||| qw: Do second Lair branch before Depths: true
     0 | D:1      | 0 ||| qw: Lair rune preference: random
     0 | D:1      | 0 ||| qw: Goals: Normal, Zot:1-4, Slime:5, God:TSO, Crypt,
                  | Tomb, Abyss, Pan, Hells, Win
     0 | D:1      | 0 ||| PLANNING D:1-11
   112 | D:1      | Reached skill level 2 in Axes
   161 | D:1      | Reached XP level 2. HP: 18/19 MP: 2/2
   202 | D:1      | Found Noufile's Antique Armour Shop.
   206 | D:1      | 206 ||| SHOPLISTING glowing ring mail (189 gold, have 64).
   206 | D:1      | 206 ||| SHOPLISTING glowing scale mail (189 gold, have 64).
   206 | D:1      | 206 ||| SHOPLISTING pair of boots (121 gold, have 64).
   206 | D:1      | 206 ||| SHOPLISTING shiny chain mail (202 gold, have 64).
   320 | D:1      | 320 ||| Stepping ~*~*~tactically~*~*~ (hiding).
   414 | D:1      | Reached skill level 3 in Axes
   436 | D:1      | Reached XP level 3. HP: 22/23 MP: 3/3
   460 | D:1      | 460 ||| Stepping ~*~*~tactically~*~*~ (stealth).
   517 | D:1      | 517 ||| Stepping ~*~*~tactically~*~*~ (hiding).
   676 | D:1      | 676 ||| Stepping ~*~*~tactically~*~*~ (stealth).
   680 | D:1      | 680 ||| Stepping ~*~*~tactically~*~*~ (stealth).
   690 | D:1      | 690 ||| UPGRADING to +0 chain mail.
   700 | D:1      | 700 ||| DROPPING +0 scale mail.
   701 | D:1      | 701 ||| DROPPING scarf of invisibility.
   702 | D:1      | 702 ||| UPGRADING to +5 ring of evasion.
   703 | D:1      | 703 ||| UPGRADING to ring of see invisible.
   704 | D:1      | 704 ||| READING scroll labelled EGRUFOINUOCK.
   705 | D:1      | 705 ||| READING 2 scrolls labelled TIAXTO ITULAMA.
   710 | D:1      | 710 ||| READING scroll labelled XOOLICS MULEFER.
   747 | D:2      | 747 ||| Stepping ~*~*~tactically~*~*~ (stealth).
   750 | D:2      | 750 ||| Stepping ~*~*~tactically~*~*~ (stealth).
   751 | D:2      | 751 ||| Stepping ~*~*~tactically~*~*~ (stealth).
   752 | D:2      | 752 ||| DROPPING +0 club.
   753 | D:2      | 753 ||| Stepping ~*~*~tactically~*~*~ (stealth).
   762 | D:2      | 762 ||| Stepping ~*~*~tactically~*~*~ (stealth).
   826 | D:2      | Found a faded altar of an unknown god.
   864 | D:2      | 864 ||| Stepping ~*~*~tactically~*~*~ (stealth).
   872 | D:2      | 872 ||| Stepping ~*~*~tactically~*~*~ (stealth).
  1046 | D:2      | Reached XP level 4. HP: 28/28 MP: 4/4
  1373 | D:2      | 1373 ||| UPGRADING to +0 pair of gloves.
  1378 | D:2      | 1378 ||| DROPPING amulet of magic regeneration.
  1379 | D:2      | 1379 ||| DROPPING ring of magical power.
  1380 | D:2      | 1380 ||| READING scroll labelled OVO KIACVAOJ.
  1381 | D:2      | 1381 ||| READING scroll labelled CEFUQE WUOPLU.
  1382 | D:2      | 1382 ||| READING scroll labelled KUEKHLI ITTAWN.
  1409 | D:3      | Found Jufower's Assorted Antiques.
  1409 | D:3      | Found Domeod's Weapon Shop.
  1417 | D:3      | 1417 ||| SHOPLISTING +1 flail of protection (145 gold, have
                  | 125).
  1417 | D:3      | 1417 ||| SHOPLISTING +2 antimagic broad axe (312 gold, have
                  | 125).
  1428 | D:3      | 1428 ||| BUYING metallic emerald potion (21 gold).
  1428 | D:3      | Bought a metallic emerald potion for 21 gold pieces
  1428 | D:3      | 1428 ||| BUYING morningstar (96 gold).
  1428 | D:3      | Bought a morningstar for 96 gold pieces
  1428 | D:3      | 1428 ||| SHOPLISTING polished plate armour (672 gold, have
                  | 8).
  1428 | D:3      | 1428 ||| SHOPLISTING purple potion (21 gold, have 8).
  1428 | D:3      | 1428 ||| SHOPLISTING scroll labelled SEEWOTR NAFENT (24
                  | gold, have 8).
  1428 | D:3      | 1428 ||| DROPPING +2 mace of holy wrath.
  1622 | D:3      | Reached skill level 4 in Axes
  1669 | D:3      | Found a stormy altar of Qazlal.
  1711 | D:3      | Found Zowuobubo's Weapon Shoppe.
  1721 | D:3      | Found Qat Raxy's Weapon Shoppe.
  1730 | D:3      | 1730 ||| SHOPLISTING +4 flail of holy wrath (311 gold, have
                  | 18).
  1753 | D:3      | Noticed a water elemental
  1754 | D:3      | 1754 ||| READING scroll labelled BIUKERO LE PUSU.
  1760 | D:3      | Noticed a fire elemental
  1760 | D:3      | Noticed an air elemental
  1760 | D:3      | Noticed an earth elemental
  1889 | D:3      | Found a shadowy altar of Dithmenos.
  2095 | D:3      | 2095 ||| READING scroll labelled DEWELYAXYS.
  2096 | D:3      | 2096 ||| DRINKING 2 ruby potions.
  2097 | D:3      | 2097 ||| DRINKING 2 purple potions.
  2411 | D:4      | 2411 ||| Stepping ~*~*~tactically~*~*~ (stealth).
  2425 | D:4      | Reached XP level 5. HP: 31/32 MP: 5/5
  2468 | D:4      | Found a hazy altar of Hepliaklqana.
  2469 | D:4      | Noticed an ogre
  2475 | D:4      | HP: 7/32 [ogre/+0 giant spiked club (25)]
  2476 | D:4      | 2476 ||| READING 2 scrolls of teleportation.
  2649 | D:4      | Found a burning altar of Makhleb.
  2725 | D:4      | Killed an ogre
  2726 | D:4      | Reached skill level 5 in Axes
  2726 | D:4      | Reached XP level 6. HP: 37/37 MP: 6/6
  2752 | D:4      | 2752 ||| Stepping ~*~*~tactically~*~*~ (stealth).
  2767 | D:4      | Reached skill level 1 in Throwing
  2945 | D:4      | Found Edurch's Book Shoppe.
  2986 | D:4      | 2986 ||| Stepping ~*~*~tactically~*~*~ (stealth).
  2988 | D:4      | 2988 ||| Stepping ~*~*~tactically~*~*~ (stealth).
  2993 | D:4      | 2993 ||| Stepping ~*~*~tactically~*~*~ (stealth).
  2994 | D:4      | 2994 ||| Stepping ~*~*~tactically~*~*~ (stealth).
  2997 | D:4      | 2997 ||| Stepping ~*~*~tactically~*~*~ (stealth).
  2998 | D:4      | 2998 ||| Stepping ~*~*~tactically~*~*~ (stealth).
  2999 | D:4      | 2999 ||| Stepping ~*~*~tactically~*~*~ (stealth).
  3076 | D:4      | 3076 ||| READING scroll labelled TUGAEDW DYIC.
  3077 | D:4      | 3077 ||| READING 3 scrolls of identify.
  3077 | D:4      | 3077 ||| IDENTIFYING metallic emerald potion
  3078 | D:4      | 3078 ||| READING 2 scrolls of identify.
  3078 | D:4      | 3078 ||| IDENTIFYING orange potion
  3079 | D:4      | 3079 ||| DROPPING potion of ambrosia.
  3086 | D:5      | Entered Level 5 of the Dungeon
  3093 | D:5      | 3093 ||| STAIRDANCE
  3096 | D:4      | Mangled by an ogre

Levels and vault maps discovered:
D:1:      wander_arrival_lonely_grave, layout_loops_cross, serial_shops,
          nicolae_shop_back_alley_shop
D:2:      layout_loops_ring, shapermc_ecumenical_altar_mp_highgroup,
          minmay_pentomino_t4
D:3:      layout_loops_ring, grunt_dithmenos_smoke,
          nicolae_qazlal_style_of_elements, serial_shops, shop_fountains, shop,
          nicolae_shop_pleasant_corner_grove, nicolae_shop_gibbet_a_chance
D:4:      layout_basic, lemuel_doored_altar, old_standard_altar, serial_shops,
          shop
D:5:      layout_rooms, kennysheep_mini, temple_fountains, serial_shops, shop,
          gammafunk_ghost_hive, guppyfry_early_orc_mine, uniq_crazy_yiuf_cottage

Skill      XL: |  1  2  3  4  5  6 |
---------------+-------------------+-----
Axes           | 2 3 4 5 |  5.9
Throwing       | 1 |  1.0
Fighting       | 4 |  4.0
Armour         | |  3.2
Shields        | |  3.2

Action                     |  1- 3 |  4- 6 || total
---------------------------+-------+-------++-------
  Melee: War axe           |   113 |   126 ||   239
  Throw: Javelin           |       |    10 ||    10
    Use: Scroll            |     3 |     9 ||    12
         Potion            |       |     2 ||     2
 Armour: Scale mail        |    36 |       ||    36
         Chain mail        |    16 |    46 ||    62
  Dodge: Dodged            |    47 |    79 ||   126
  Block: Buckler           |    22 |    32 ||    54

Table legend:
 A = Non-vault XP
 B = Vault XP
 C = Vault XP percentage of total XP
 D = Non-vault monster count
 E = Vault monster count
 F = Vault count percentage of total count
                 A         B        C        D         E       F
            +---------+---------+-------+---------+---------+-------
      Total |     559 |       1 |   0.2 |      88 |       1 |   1.1
            +---------+---------+-------+---------+---------+-------
        D:1 |      54 |       0 |   0.0 |      29 |       0 |   0.0
        D:2 |      30 |       1 |   3.2 |      17 |       1 |   5.6
        D:3 |      42 |       0 |   0.0 |      15 |       0 |   0.0
        D:4 |     433 |       0 |   0.0 |      27 |       0 |   0.0
            +---------+---------+-------+---------+---------+-------
